TOP OF THE 1ST |
Las Vegas Stars batting - Pitching for District 9 Prawns : RHP Jorge Guillén
|
Pitching: RHP Jorge Guillén
|
|
Batting: SHB Júlio Salazar
|
0-0: Fly out, F9 (Flyball, 9S)
|
Batting: RHB Pedro Mata
|
0-0: Called Strike 0-1: Foul Ball, location: 2F 0-2: Ball 1-2: Foul Ball, location: 2F 1-2: Strikes out swinging
|
Batting: RHB William Richardson
|
0-0: Ball 1-0: Swinging Strike 1-1: Foul Ball, location: 2F 1-2: Strikes out swinging
|
Top of the 1st over - 0 run(s), 0 hit(s), 0 error(s), 0 left on base; Las Vegas 0 - District 9 0 |
BOTTOM OF THE 1ST |
District 9 Prawns batting - Pitching for Las Vegas Stars : RHP Dema Mitenkov
|
Pitching: RHP Dema Mitenkov
|
|
Batting: SHB José Estreito
|
0-0: Ball 1-0: Called Strike 1-1: Swinging Strike 1-2: Ball 2-2: Ball 3-2: Base on Balls
|
Batting: RHB José Colón
|
0-0: SINGLE (Groundball, 6MD) José Estreito to second
|
Batting: RHB Felipe Jareño
|
0-0: Called Strike 0-1: Ball 1-1: Ball 2-1: Grounds into double play, 6-4-3 (Groundball, 6) José Estreito to third
|
Batting: LHB Terry Simpson
|
0-0: Ball 1-0: Ball 2-0: Called Strike 2-1: Ground out 6-3 (Groundball, 6)
|
Bottom of the 1st over - 0 run(s), 1 hit(s), 0 error(s), 1 left on base; Las Vegas 0 - District 9 0 |
TOP OF THE 2ND |
Las Vegas Stars batting - Pitching for District 9 Prawns : RHP Jorge Guillén
|
Batting: LHB Robinson Fernández
|
0-0: Called Strike 0-1: Called Strike 0-2: SINGLE (Flyball, 89S)
|
Batting: RHB José Pinto
|
0-0: Ball 1-0: Ball 2-0: Swinging Strike 2-1: Ground out 5-3 (Groundball, 56S) Robinson Fernández to second
|
Batting: LHB Clint Parkinson
|
0-0: Ball 1-0: Called Strike 1-1: Called Strike 1-2: Strikes out swinging
|
Batting: LHB Paco Rivera
|
0-0: Called Strike 0-1: Ground out 4-3 (Groundball, 4S)
|
Top of the 2nd over - 0 run(s), 1 hit(s), 0 error(s), 1 left on base; Las Vegas 0 - District 9 0 |
BOTTOM OF THE 2ND |
District 9 Prawns batting - Pitching for Las Vegas Stars : RHP Dema Mitenkov
|
Batting: RHB Jim Edgar
|
0-0: Ball 1-0: Ball 2-0: Called Strike 2-1: Ground out 6-3 (Groundball, 6)
|
Batting: LHB Culley Vaughan
|
0-0: Ball 1-0: Foul Ball, location: 2F 1-1: Ground out 1-3 (Groundball, 13)
|
Batting: RHB Doug O'Brien
|
0-0: Called Strike 0-1: Ball 1-1: Ball 2-1: Ball 3-1: Foul Ball, location: 2F 3-2: Fly out, F8 (Flyball, 8LM)
|
Bottom of the 2nd over - 0 run(s), 0 hit(s), 0 error(s), 0 left on base; Las Vegas 0 - District 9 0 |
TOP OF THE 3RD |
Las Vegas Stars batting - Pitching for District 9 Prawns : RHP Jorge Guillén
|
Batting: SHB Sloan James
|
0-0: Called Strike 0-1: Foul Ball, location: 2F 0-2: Strikes out looking
|
Batting: LHB Nathan Frey
|
0-0: Called Strike 0-1: Ground out U3 (Groundball, 3S)
|
Batting: SHB Júlio Salazar
|
0-0: Ball 1-0: Called Strike 1-1: Ground out 4-3 (Groundball, 34)
|
Top of the 3rd over - 0 run(s), 0 hit(s), 0 error(s), 0 left on base; Las Vegas 0 - District 9 0 |
BOTTOM OF THE 3RD |
District 9 Prawns batting - Pitching for Las Vegas Stars : RHP Dema Mitenkov
|
Batting: RHB Gil Palmer
|
0-0: Ball 1-0: Called Strike 1-1: SINGLE (Flyball, 8LS)
|
Batting: RHB Phil Jacobs
|
0-0: Swinging Strike 0-1: Called Strike 0-2: Ball 1-2: Strikes out swinging
|
Batting: SHB José Estreito
|
0-0: Ball 1-0: Ball 2-0: Called Strike 2-1: Foul Ball, location: 2F 2-2: Ball 3-2: Fielders Choice at 2nd, 3-6 (Groundball, 34)
|
Batting: RHB José Colón
|
0-0: Ball 1-0: Ball José Estreito steals 2nd base 2-0: Ball Wild Pitch! José Estreito to third 3-0: Base on Balls
|
Batting: RHB Felipe Jareño
|
0-0: Swinging Strike 0-1: Swinging Strike 0-2: Strikes out looking
|
Bottom of the 3rd over - 0 run(s), 1 hit(s), 0 error(s), 2 left on base; Las Vegas 0 - District 9 0 |
TOP OF THE 4TH |
Las Vegas Stars batting - Pitching for District 9 Prawns : RHP Jorge Guillén
|
Batting: RHB Pedro Mata
|
0-0: Ball 1-0: Ball 2-0: Ground out 1-3 (Groundball, 13S)
|
Batting: RHB William Richardson
|
0-0: Ball 1-0: Foul Ball, location: 2F 1-1: Swinging Strike 1-2: Foul Ball, location: 2F 1-2: Ball 2-2: Foul Ball, location: 2F 2-2: Ball 3-2: SOLO HOME RUN (Flyball, 78XD), Distance : 415 ft
|
Batting: LHB Robinson Fernández
|
0-0: Foul Ball, location: 2F 0-1: Swinging Strike 0-2: Foul Ball, location: 2F 0-2: Ball 1-2: SINGLE (Groundball, 4MD)
|
Batting: RHB José Pinto
|
0-0: Ball 1-0: Swinging Strike 1-1: Ball 2-1: Ball 3-1: Called Strike 3-2: Base on Balls Robinson Fernández to second
|
Batting: LHB Clint Parkinson
|
0-0: Ball 1-0: Called Strike 1-1: Ball 2-1: Foul Ball, location: 2F 2-2: Foul Ball, location: 2F 2-2: Strikes out looking
|
Batting: LHB Paco Rivera
|
0-0: Ball 1-0: Called Strike 1-1: Foul Ball, location: 2F 1-2: Fly out, F5 (Popup, 5S)
|
Top of the 4th over - 1 run(s), 2 hit(s), 0 error(s), 2 left on base; Las Vegas 1 - District 9 0 |
BOTTOM OF THE 4TH |
District 9 Prawns batting - Pitching for Las Vegas Stars : RHP Dema Mitenkov
|
Batting: LHB Terry Simpson
|
0-0: Fly out, F9 (Flyball, 9LS)
|
Batting: RHB Jim Edgar
|
0-0: Called Strike 0-1: Called Strike 0-2: Ball 1-2: Ground out 1-3 (Groundball, P)
|
Batting: LHB Culley Vaughan
|
0-0: Ball 1-0: Ball 2-0: DOUBLE (Line Drive, 7LM)
|
Batting: RHB Doug O'Brien
|
0-0: Called Strike 0-1: Ball 1-1: Foul Ball, location: 2F 1-2: Ball 2-2: Ball 3-2: Base on Balls
|
Batting: RHB Gil Palmer
|
0-0: Ball 1-0: Ball 2-0: SINGLE (Flyball, 78S) Culley Vaughan to third Doug O'Brien to second Runner from 3rd tries for Home, SAFE, no throw
|
Batting: RHB Phil Jacobs
|
0-0: Called Strike 0-1: Swinging Strike 0-2: Strikes out swinging
|
Bottom of the 4th over - 1 run(s), 2 hit(s), 0 error(s), 2 left on base; Las Vegas 1 - District 9 1 |
TOP OF THE 5TH |
Las Vegas Stars batting - Pitching for District 9 Prawns : RHP Jorge Guillén
|
Batting: SHB Sloan James
|
0-0: Called Strike 0-1: Ball 1-1: Called Strike 1-2: Foul Ball, location: 2F 1-2: Ball 2-2: Ball 3-2: Ground out 3-1 (Groundball, 34)
|
Batting: LHB Nathan Frey
|
0-0: Ball 1-0: Ball 2-0: Ball 3-0: Base on Balls
|
Batting: SHB Júlio Salazar
|
0-0: Foul Ball, location: 2F 0-1: Ball 1-1: Fly out, F8 (Flyball, 8LM)
|
Batting: RHB Pedro Mata
|
0-0: Called Strike 0-1: Ground out 1-3 (Groundball, 13S)
|
Top of the 5th over - 0 run(s), 0 hit(s), 0 error(s), 1 left on base; Las Vegas 1 - District 9 1 |
BOTTOM OF THE 5TH |
District 9 Prawns batting - Pitching for Las Vegas Stars : RHP Dema Mitenkov
|
Batting: SHB José Estreito
|
0-0: Ball 1-0: Ball 2-0: Ball 3-0: Called Strike 3-1: Foul Ball, location: 2F 3-2: Foul Ball, location: 2F 3-2: Base on Balls
|
Batting: RHB José Colón
|
0-0: Ball 1-0: Foul Ball, location: 2F 1-1: Grounds into double play, 6-4-3 (Groundball, 6)
|
Batting: RHB Felipe Jareño
|
0-0: Swinging Strike 0-1: Foul Ball, location: 2F 0-2: Ground out 5-3 (Groundball, 56S)
|
Bottom of the 5th over - 0 run(s), 0 hit(s), 0 error(s), 0 left on base; Las Vegas 1 - District 9 1 |
TOP OF THE 6TH |
Las Vegas Stars batting - Pitching for District 9 Prawns : RHP Jorge Guillén
|
Batting: RHB William Richardson
|
0-0: Called Strike 0-1: SINGLE (Groundball, 4D)
|
Pitching: RHP Clayton Hawkins
|
|
Batting: LHB Robinson Fernández
|
0-0: Ball 1-0: Ball 2-0: Ball 3-0: Called Strike 3-1: Swinging Strike 3-2: Fielders Choice at 2nd, 1-6 (Groundball, 13S)
|
Batting: RHB José Pinto
|
0-0: Ball 1-0: Grounds into double play, 6-4-3 (Groundball, 6)
|
Top of the 6th over - 0 run(s), 1 hit(s), 0 error(s), 0 left on base; Las Vegas 1 - District 9 1 |
BOTTOM OF THE 6TH |
District 9 Prawns batting - Pitching for Las Vegas Stars : RHP Dema Mitenkov
|
Batting: LHB Terry Simpson
|
0-0: Ball 1-0: Fly out, F8 (Flyball, 8LD)
|
Batting: RHB Jim Edgar
|
0-0: Foul Ball, location: 2F 0-1: Ball 1-1: Foul Ball, location: 2F 1-2: Strikes out looking
|
Batting: LHB Culley Vaughan
|
0-0: Ball 1-0: Fly out, F9 (Flyball, 9)
|
Bottom of the 6th over - 0 run(s), 0 hit(s), 0 error(s), 0 left on base; Las Vegas 1 - District 9 1 |
TOP OF THE 7TH |
Las Vegas Stars batting - Pitching for District 9 Prawns : RHP Clayton Hawkins
|
Pitching: LHP Norberto Marerro
|
|
Pinch Hitting: RHB Ricardo Guzmán
|
0-0: Ball 1-0: Swinging Strike 1-1: Ball 2-1: Ball 3-1: Swinging Strike 3-2: Fly out, F5 (Line Drive, 56)
|
Pitching: RHP Juan Gutiérrez
|
|
Batting: LHB Paco Rivera
|
0-0: Ball 1-0: SINGLE (Line Drive, 6)
|
Batting: SHB Sloan James
|
0-0: Ball 1-0: Foul Ball, location: 2F 1-1: DOUBLE (Flyball, 9LD) Paco Rivera to third
|
Pinch Hitting: SHB Chris Bennis
|
0-0: Intentional Walk
|
Batting: SHB Júlio Salazar
|
0-0: Ball 1-0: DOUBLE (Line Drive, 89XD) Paco Rivera scores Sloan James scores Chris Bennis to third
|
Batting: RHB Pedro Mata
|
0-0: Called Strike 0-1: Ball 1-1: Ball 2-1: SINGLE (Line Drive, 8LS) Chris Bennis scores Júlio Salazar to third Runner from 3rd tries for Home, SAFE, no throw
|
Pitching: RHP José Huerta
|
|
Batting: RHB William Richardson
|
0-0: Called Strike 0-1: Fly out, F2 (Popup, 23)
|
Batting: LHB Robinson Fernández
|
0-0: Ball 1-0: Foul Ball, location: 2F 1-1: Called Strike 1-2: Fly out, F7 (Flyball, 7S)
|
Top of the 7th over - 4 run(s), 4 hit(s), 0 error(s), 1 left on base; Las Vegas 5 - District 9 1 |
BOTTOM OF THE 7TH |
District 9 Prawns batting - Pitching for Las Vegas Stars : RHP Dema Mitenkov
|
Now at 3B: Walt Simmons
|
|
Now at SS: Héctor Barajas
|
|
Batting: RHB Doug O'Brien
|
0-0: Ball 1-0: Foul Ball, location: 2F 1-1: Ball 2-1: Foul Ball, location: 2F 2-2: Ball 3-2: Base on Balls
|
Batting: RHB Gil Palmer
|
0-0: Swinging Strike 0-1: Ball 1-1: Ball 2-1: DOUBLE (Line Drive, 8LD) Doug O'Brien to third
|
Batting: RHB Phil Jacobs
|
0-0: Called Strike 0-1: Swinging Strike 0-2: Strikes out looking
|
Pitching: RHP Mike Drader
|
|
Batting: SHB José Estreito
|
0-0: Ball 1-0: Ball 2-0: Ball 3-0: Base on Balls
|
Batting: RHB José Colón
|
0-0: Ball 1-0: Ball 2-0: Called Strike 2-1: Ball 3-1: Swinging Strike 3-2: Strikes out looking
|
Batting: RHB Felipe Jareño
|
0-0: Foul Ball, location: 2F 0-1: Swinging Strike 0-2: Ball 1-2: Ball 2-2: Ball 3-2: Strikes out looking
|
Bottom of the 7th over - 0 run(s), 1 hit(s), 0 error(s), 3 left on base; Las Vegas 5 - District 9 1 |
TOP OF THE 8TH |
Las Vegas Stars batting - Pitching for District 9 Prawns : RHP José Huerta
|
Batting: RHB José Pinto
|
0-0: Ball 1-0: Fly out, F9 (Line Drive, 9)
|
Batting: SHB Walt Simmons
|
0-0: Swinging Strike 0-1: Foul Ball, location: 2F 0-2: Ball 1-2: Ball 2-2: Foul Ball, location: 2F 2-2: Foul Ball, location: 2F 2-2: Strikes out swinging
|
Batting: LHB Paco Rivera
|
0-0: SINGLE (Line Drive, 9LS)
|
Batting: SHB Sloan James
|
0-0: Ball 1-0: Called Strike 1-1: DOUBLE (Line Drive, 78D) Paco Rivera to third
|
Batting: SHB Héctor Barajas
|
0-0: Foul Ball, location: 2F 0-1: Swinging Strike 0-2: Ball 1-2: Ball Wild Pitch! Paco Rivera scores Sloan James to third 2-2: Strikes out swinging
|
Top of the 8th over - 1 run(s), 2 hit(s), 0 error(s), 1 left on base; Las Vegas 6 - District 9 1 |
BOTTOM OF THE 8TH |
District 9 Prawns batting - Pitching for Las Vegas Stars : RHP Mike Drader
|
Now at C: Zack Flint
|
|
Batting: LHB Terry Simpson
|
0-0: Swinging Strike 0-1: Ball 1-1: Called Strike 1-2: Foul Ball, location: 2F 1-2: SINGLE (Groundball, 56D)
|
Batting: RHB Jim Edgar
|
0-0: Foul Ball, location: 2F 0-1: Ball 1-1: Ball 2-1: Foul Ball, location: 2F 2-2: Fly out, F8 (Flyball, 8RD)
|
Batting: LHB Culley Vaughan
|
0-0: Called Strike 0-1: Ball 1-1: Called Strike 1-2: Ball 2-2: Foul Ball, location: 2F 2-2: Strikes out swinging
|
Pitching: RHP Pepe Vázquez
|
|
Batting: RHB Doug O'Brien
|
0-0: Ball 1-0: Ball 2-0: Foul Ball, location: 2F 2-1: Ball 3-1: Base on Balls Terry Simpson to second
|
Batting: RHB Gil Palmer
|
0-0: Called Strike 0-1: Called Strike 0-2: Foul Ball, location: 2F 0-2: SINGLE (Line Drive, 7S) Terry Simpson to third Doug O'Brien to second
|
Batting: RHB Phil Jacobs
|
0-0: Swinging Strike 0-1: Ball 1-1: Ball 2-1: Foul Ball, location: 2F 2-2: Fielders Choice at 2nd, 6-4 (Groundball, 6)
|
Bottom of the 8th over - 0 run(s), 2 hit(s), 0 error(s), 2 left on base; Las Vegas 6 - District 9 1 |
TOP OF THE 9TH |
Las Vegas Stars batting - Pitching for District 9 Prawns : RHP José Huerta
|
Batting: SHB Júlio Salazar
|
0-0: Foul Ball, location: 2F 0-1: Ball 1-1: Ball 2-1: Ball 3-1: Called Strike 3-2: Strikes out swinging
|
Batting: RHB Pedro Mata
|
0-0: Ball 1-0: Called Strike 1-1: Ball 2-1: Ball 3-1: Called Strike 3-2: Foul Ball, location: 2F 3-2: Foul Ball, location: 2F 3-2: SINGLE (Line Drive, 56D)
|
Batting: RHB William Richardson
|
0-0: Called Strike 0-1: Ball 1-1: Called Strike 1-2: Strikes out swinging
|
Batting: LHB Robinson Fernández
|
0-0: Ball 1-0: Ball 2-0: SINGLE (Line Drive, 6D) Pedro Mata to second
|
Pitching: RHP Marcos Miranda
|
|
Batting: RHB José Pinto
|
0-0: Ball 1-0: Ball 2-0: SINGLE (Line Drive, 89M) Pedro Mata to third Robinson Fernández to second Runner from 3rd tries for Home, SAFE, no throw
|
Batting: SHB Walt Simmons
|
0-0: Called Strike 0-1: Called Strike 0-2: Ball 1-2: Ball 2-2: Strikes out swinging
|
Top of the 9th over - 1 run(s), 3 hit(s), 0 error(s), 2 left on base; Las Vegas 7 - District 9 1 |
BOTTOM OF THE 9TH |
District 9 Prawns batting - Pitching for Las Vegas Stars : RHP Pepe Vázquez
|
Batting: SHB José Estreito
|
0-0: Ball 1-0: Swinging Strike 1-1: Ground out 5-3 (Groundball, 56)
|
Batting: RHB José Colón
|
0-0: Ball 1-0: SOLO HOME RUN (Flyball, 7D), Distance : 406 ft
|
Batting: RHB Felipe Jareño
|
0-0: Ball 1-0: Foul Ball, location: 2F 1-1: Foul Ball, location: 2F 1-2: Ball 2-2: Strikes out looking
|
Batting: LHB Terry Simpson
|
0-0: Called Strike 0-1: Foul Ball, location: 2F 0-2: Strikes out looking
|
Bottom of the 9th over - 1 run(s), 1 hit(s), 0 error(s), 0 left on base; Las Vegas 7 - District 9 2 |
|